 Dungeon Crawl Stone Soup version 0.27.1-35-g4d5d836560 (console) character file.

Game seed: 14088131837984130725

643652 grimtooth the Rapturous (level 27, -13/224 HPs)
             Began as a Formicid Venom Mage on Dec 2, 2022.
             Was a Follower of Uskayaw.
             Killed from afar by an orb of fire (23 damage)
             ... with a bolt of fire
             ... on level 5 of the Realm of Zot on Dec 18, 2022.
             The game lasted 10:20:33 (67928 turns).

grimtooth the Rapturous (Formicid Venom Mage)      Turns: 67928, Time: 10:20:34

Health: -13/224    AC: 30    Str: 25    XL:     27
Magic:  2/12       EV: 17    Int: 23    God:    Uskayaw [*.....]
Gold:   5569       SH: 34    Dex: 14    Spells: 11/44 levels left

rFire    + + .     SeeInvis +   b - +4 demon whip (antimagic)
rCold    + + .     Faith    .   T - +8 tower shield "Xytykk" {rCorr Stlth+}
rNeg     + . .     Spirit   .   i - +9 scale mail of the Learner {rPois rF+}
rPois    +         Reflect  +   (helmet unavailable)
rElec    +         Harm     .   N - +2 cloak {Stlth+}
rCorr    +         Rampage  +   c - +2 pair of gloves {archery}
Will     +++++                  X - +2 pair of boots {rampage}
Stlth    ++++++++..             k - amulet "Tetytwih" {Reflect rCorr Dex+3 Slay+2 SH+5}
HPRegen  0.47/turn              M - ring "Guiclumnug" {rElec rC+ AC+4 Int+4}
MPRegen  0.13/turn              C - ring "Quntu" {Fly rN+ Will+++ Int+3 Stlth+}

@: resistant, corroded, flying
A: permanent stasis, dig shafts and tunnels, antennae 3, four strong arms
}: 3/15 runes: barnacled, slimy, gossamer
a: Dig, Shaft Self, Renounce Religion, Stomp


You were on level 5 of the Realm of Zot.
You worshipped Uskayaw.
Uskayaw was greatly pleased with you.
You visited 9 branches of the dungeon, and saw 50 of its levels.
You visited 1 bazaar.
You also visited: Bailey, Gauntlet and Volcano.

You collected 8875 gold pieces.
You spent 3306 gold pieces at shops.

Inventory:

Hand Weapons
 a - a +6 vorpal great mace
 b - a +4 antimagic demon whip (weapon)
Missiles
 p - 8 curare-tipped darts (quivered)
 y - 75 boomerangs
 E - 17 throwing nets {=f}
 O - 21 atropa-tipped darts
 Q - 6 datura-tipped darts
Armour
 c - a +2 pair of gloves of archery (worn)
 i - the +9 scale mail of the Learner (worn) {rPois rF+}
   (You bought it in a shop in a bazaar)

   rF:        It protects you from fire.
   rPois:     It protects you from poison.
 x - a scarf of invisibility
 N - a +2 cloak of stealth (worn)
 T - the +8 tower shield "Xytykk" (worn) {rCorr Stlth+}
   (You acquired it on level 4 of the Shoals)

   rCorr:     It protects you from acid and corrosion.
   Stlth:     It makes you more stealthy.
 X - a +2 pair of boots of rampaging (worn)
Magical Staves
 h - a staff of earth
Jewellery
 f - the ring "Desch" {Wiz Will+ Int+4 Dex+6}
   (You found it on level 13 of the Dungeon)

   [ring of wizardry]

   It improves your spell success rate.
   Int:       It affects your intelligence (+4).
   Dex:       It affects your dexterity (+6).
   Will:      It increases your willpower.
 k - the amulet "Tetytwih" (around neck) {Reflect rCorr Dex+3 Slay+2 SH+5}
   (You found it in a Gauntlet)

   [amulet of reflection]

   It reflects blocked missile attacks.
   Dex:       It affects your dexterity (+3).
   Slay:      It affects your accuracy & damage with ranged weapons and melee
   (+2).
   rCorr:     It protects you from acid and corrosion.
   SH:        It affects your SH (+5).
 C - the ring "Quntu" (right hand) {Fly rN+ Will+++ Int+3 Stlth+}
   (You bought it in a shop on level 1 of the Dungeon)

   [ring of flight]

   Int:       It affects your intelligence (+3).
   rN:        It protects you from negative energy.
   Fly:       It grants you flight.
   Will:      It greatly increases your willpower.
   Stlth:     It makes you more stealthy.
 M - the ring "Guiclumnug" (left hand) {rElec rC+ AC+4 Int+4}
   (You bought it in a shop on level 2 of the Orcish Mines)

   [ring of protection]

   AC:        It affects your AC (+4).
   Int:       It affects your intelligence (+4).
   rC:        It protects you from cold.
   rElec:     It insulates you from electricity.
 Y - the ring "Fad Leti" {rF++ rC++ MP+9 Str-2}
   (You took it off an orc sorcerer on level 2 of the Orcish Mines)

   [ring of magical power]

   Str:       It affects your strength (-2).
   rF:        It greatly protects you from fire.
   rC:        It greatly protects you from cold.
   MP:        It affects your magic capacity (+9).
Wands
 o - a wand of mindburst (8)
 u - a wand of iceblast (48)
 v - a wand of digging (29)
 L - a wand of polymorph (31)
 P - a wand of flame (46)
 R - a wand of charming (3)
 U - a wand of paralysis (10)
 V - a wand of acid (13)
Scrolls
 d - 11 scrolls of fear
 l - 5 scrolls of summoning
 q - 3 scrolls of silence
 D - 9 scrolls of fog
 F - 3 scrolls of holy word
 I - 5 scrolls of vulnerability
 Z - 2 scrolls of magic mapping
Potions
 j - 2 potions of invisibility
 m - 7 potions of might
 n - 5 potions of ambrosia
 r - a potion of magic
 s - 8 potions of curing
 t - 8 potions of brilliance
 z - 4 potions of resistance
 J - 3 potions of cancellation
 W - 3 potions of flight
Miscellaneous
 e - a phial of floods
 w - a condenser vane
 G - a tin of tremorstones (2/2)
 H - a box of beasts
 K - a lightning rod (4/4)
 S - a phantom mirror


   Skills:
 - Level 20.0 Fighting
 - Level 19.6(20.0) Maces & Flails
 - Level 7.4(14.8) Staves
 - Level 12.0 Throwing
 - Level 15.0 Armour
 + Level 14.7 Dodging
 - Level 18.0 Stealth
 - Level 15.0 Shields
 - Level 9.0 Spellcasting
 - Level 3.0 Conjurations
 - Level 15.0 Transmutations
 - Level 3.0 Air Magic
 - Level 15.0 Earth Magic
 - Level 15.0 Poison Magic
 - Level 20.0 Invocations
 - Level 12.0 Evocations


You had 11 spell levels left.
You knew the following spells:

 Your Spells              Type           Power      Damage    Failure   Level
a - Sting                 Tmut/Pois      100%       1d8       1%          1
b - Ignite Poison         Fire/Tmut/Pois 54%        N/A       1%          3
c - Mephitic Cloud        Conj/Pois/Air  42%        N/A       1%          3
d - Lee's Rapid Deconstr  Erth           34%        3d18*     1%          5
g - Eringya's Noxious Bo  Tmut/Pois      34%        N/A       3%          6
i - Alistair's Intoxicat  Tmut/Pois      45%        N/A       1%          5
t - Olgreb's Toxic Radia  Pois           68%        N/A       1%          4
w - Passwall              Tmut/Erth      56%        N/A       1%          2
y - Petrify               Tmut/Erth      68%        N/A       1%          4

Your spell library contained the following spells:

 Spells                   Type           Power      Damage    Failure   Level
 Beastly Appendage        Tmut           100%       N/A       1%          1
 Sandblast                Erth           100%       2d20      1%          1
 Poisonous Vapours        Pois/Air       100%       N/A       1%          2
 Wereblood                Tmut           68%        N/A       1%          2
 Spider Form              Tmut/Pois      34%        N/A       1%          3
 Stone Arrow              Conj/Erth      100%       3d13      1%          3
 Blade Hands              Tmut           34%        N/A       1%          5
 Magic Dart               Conj           96%        1d7       3%          1
 Shock                    Conj/Air       96%        1d9       3%          1
 Statue Form              Tmut/Erth      45%        N/A       3%          6
 Static Discharge         Conj/Air       24%        N/A       4%          2
 Animate Armour           Summ/Erth      88%        N/A       5%          4
 Leda's Liquefaction      Hex/Erth       22%        N/A       5%          4
 Foxfire                  Conj/Fire      68%        2x1d7     6%          1
 Animate Skeleton         Necr           20%        N/A       12%         1
 Apportation              Tloc           20%        N/A       12%         1
 Corona                   Hex            11%        N/A       12%         1
 Freeze                   Ice            40%        1d6       12%         1
 Pain                     Necr           40%        1d6       12%         1
 Summon Small Mammal      Summ           40%        N/A       12%         1
 Borgnjor's Vile Clutch   Necr/Erth      22%        N/A       14%         5
 Call Imp                 Summ           10%        N/A       17%         2
 Ensorcelled Hibernation  Hex/Ice        20%        N/A       17%         2
 Conjure Flame            Conj/Fire      17%        6-21      19%         3
 Dazzling Flash           Conj/Hex       34%        N/A       19%         3
 Bolt of Magma            Conj/Fire/Erth 18%        4d10      26%         5
 Airstrike                Air            12%        N/A       32%         4
 Call Canine Familiar     Summ           10%        N/A       34%         3
 Frozen Ramparts          Ice            20%        1d4       34%         3
 Gell's Gravitas          Tloc           5%         N/A       34%         3
 Inner Flame              Hex/Fire       10%        N/A       34%         3
 Lesser Beckoning         Tloc           5%         N/A       34%         3
 Portal Projectile        Hex/Tloc       20%        N/A       34%         3
 Summon Guardian Golem    Hex/Summ       10%        N/A       34%         3
 Teleport Other           Tloc           10%        N/A       34%         3
 Vampiric Draining        Necr           5%         2d6       34%         3
 Fulminant Prism          Conj/Hex       8%         3d7       52%         4
 Hailstorm                Conj/Ice       17%        3d6       52%         4
 Iskenderun's Mystic Bla  Conj/Tloc      17%        2d5       52%         4
 Sticky Flame             Conj/Fire      17%        2d4       52%         4
 Iskenderun's Battlesphe  Conj           24%        2d8       67%         5
 Animate Dead             Necr           5%         N/A       75%         4
 Cause Fear               Hex            5%         N/A       75%         4
 Dispel Undead            Necr           10%        3d9       75%         4
 Passage of Golubria      Tloc           N/A        N/A       75%         4
 Fireball                 Conj/Fire      8%         3d6       86%         5
 Silence                  Hex/Air        8%         N/A       86%         5
 Excruciating Wounds      Necr           5%         N/A       97%         5
 Manifold Assault         Tloc           10%        N/A       97%         5
 Conjure Ball Lightning   Conj/Air       12%        3x3d6     99%         6
 Death Channel            Necr           5%         N/A       100%        6
 Dispersal                Tloc           5%         N/A       100%        6
 Invisibility             Hex            5%         N/A       100%        6
 Shadow Creatures         Summ           N/A        N/A       100%        6
 Starburst                Conj/Fire      8%         6d4       100%        6
 Orb of Destruction       Conj           12%        9d6       100%        7
 Ignition                 Fire           5%         3d4       100%        8
 Lehudib's Crystal Spear  Conj/Erth      25%        10d7      100%        8
 Shatter                  Erth           34%        3d27*     100%        9
 Swiftness                Air            Unusable   N/A       N/A         3
 Blink                    Tloc           Unusable   N/A       N/A         2

Dungeon Overview and Level Annotations

Branches:
Dungeon (15/15)            Temple (0/1) D:7            Lair (6/6) D:10
 Shoals (4/4) Lair:3       Spider (4/4) Lair:3        Slime (5/5) Lair:5
    Orc (2/2) D:12            Elf (0/3) Orc:2        Vaults (4/5) D:13
  Crypt (0/3) Vaults:3     Depths (5/5) D:15            Zot (5/5) Depths:5
 Bailey (visited)         Volcano (visited)         Gauntlet (visited)

Altars:
Dithmenos
Makhleb
Okawaru
Qazlal
Uskayaw
Xom
Zin
The Shining One
Beogh
Jiyva
Lugonu

Shops:
D:1 =   D:3 *   D:6 ?   D:7 !   Orc:2 !=**[   Shoals:4 [   Depths:3 (

Portals:
Hell: Depths:1 Depths:2 Depths:3 Depths:4 Depths:5
Abyss: Depths:2 Depths:4 Depths:5
Pandemonium: Depths:3 Depths:5
Ziggurat: Depths:1
Trove: Depths:4 (give 5 scrolls of fear)

Annotations:
D:14 Jorgrun
D:15 1 runed translucent door, Liploats's ghost, journeyman DDFi
Lair:5 3 runed translucent doors, exclusion: hydra, Bolunijamo's ghost, journeyman GnFi
Shoals:2 1 runed translucent door, Myro's ghost, adept DrAE
Depths:2 3 runed translucent doors


Innate Abilities, Weirdness & Mutations

You cannot be hasted, slowed, berserked, paralysed or teleported.
You can dig through walls and to a lower floor.
You have a pair of large antennae on your head. (SInv)
Your four strong arms can wield two-handed weapons with a shield.


Message History

The orb of fire glows red.
The bolt of fire hits the orb of fire.
The orb of fire completely resists.
The bolt of fire hits you!! You resist.
* * * LOW HITPOINT WARNING * * *
Okay, then.
Unknown command.
Press: ? - help, v - describe, . - travel
Here: an orb of fire (heavily damaged, covered in acid)
The floor.
Aiming: Grand Finale
Press: ? - help, Shift-Dir - straight line, f/p - orb of fire
Aim: an orb of fire (heavily damaged, covered in acid)
The orb of fire explodes violently!
You blow up the orb of fire!
The dread lich touches you but does no damage.
Okay, then.
Press: ? - help, v - describe, . - travel
Here: an orb of fire (moderately damaged)
The floor, spattered with blood.
Press: ? - help, v - describe, . - travel A stone wall.
Press: ? - help, v - describe, . - travel A rock wall.
Enter note: - wrong onr
Okay, then.
Unknown command.
Okay, then.
Press: ? - help, v - describe, . - travel
Here: an orb of fire (moderately damaged)
The floor, spattered with blood.
Press: ? - help, v - describe, . - travel
Here: an orb of fire (moderately damaged)
The floor, spattered with blood.
Okay, then.
You extend your mandibles.
You dig through the rock wall.
You hear a shout!
The orb of fire emits a lurid red light.
The bolt of fire hits you!! You resist.
You die...

,,,,,,,,,,* *#...........^.#* *,,
,,,,,,,,,,* #.............# *,,
,,,,,,,^,,* *#...........#* *,,
,,,,,,,^,,* #..$..{....*# *,,
,,,,,,,,,,* ##{{{..{.^{..## *,,
,,,,,,,,,** #..{{{{{((.{..# **,
,,,,,,,,** *#..{{{{{{.{...#* **
,,,,,,,** *.{{{{{{{{{{{...* *
******##▓▓▓ *#######{#######* ▓
#<..######*.##{###...## # ##
####.^##....@#L#{##.....### #
.####....##.....###*p.........# #
..##...###.......####....#....###
..#....###.......# ##...###.....#
..#...##.'.......###....#.##.....
.##...'..##.....###..^.##..##....
##....##..##...###.....#..###(#..
#....####.##+#'###...####.....##.
#.....#####..#...#..⌠.###........
###....###...#...##....#..##.....
..##....##.......###...##.#......


You could see an orb of fire.

Vanquished Creatures
  the Royal Jelly (Slime:5)
  3 orbs of fire (Zot:5)
  2 ancient liches (Zot:5)
  8 juggernauts
  Sojobo (Depths:4)
  Boris (twice) (Depths:3 Depths:4)
  Saint Roka (Vaults:3)
  Xtahua (Depths:3)
  3 curse toes
  A caustic shrike (Depths:2)
  5 golden dragons
  Nikola (Shoals:3)
  the Enchantress (Depths:1)
  Arachne (Spider:3)
  A bone dragon (Depths:5)
  2 hellephants (Depths:1)
  Rupert (Orc:2)
  10 tentacled monstrosities
  7 Orb Guardians (Zot:5)
  10 acid blobs
  5 titans
  Asterion (Vaults:2)
  5 quicksilver dragons
  6 liches
  5 sphinxes
  11 death cobs
  7 shadow dragons
  A kraken (Shoals:4)
  Polyphemus (Shoals:4)
  12 storm dragons
  A fenstrider witch (Zot:1)
  13 tengu reavers
  2 draconian monks
  16 frost giants
  10 rockslimes (Slime:5)
  3 iron dragons
  Ilsuiw (Shoals:4)
  8 azure jellies
  6 draconian knights
  6 ghost moths
  12 fire giants
  5 draconian scorchers
  5 draconian stormcallers
  2 deep elf sorcerers (Vaults:1)
  A frost giant (shapeshifter) (Depths:4)
  Aizul (Depths:1)
  18 vault wardens
  A balrug (Depths:5)
  A caustic shrike zombie (Depths:3)
  Louise (Spider:4)
  4 emperor scorpions (Spider:4)
  A deep elf elementalist (Depths:4)
  9 quicksilver oozes
  A ghoul (Vaults:3)
  5 draconian shifters
  22 very ugly things
  A reaper (Depths:5)
  11 ironbound preservers
  9 spriggan defenders
  2 war gargoyles (Vaults:4)
  6 draconian annihilators
  The ghost of pkoi the Devastator, a journeyman DrCj of Vehumet (Lair:6)
  A quicksilver ooze (shapeshifter) (Depths:5)
  11 vampire knights
  29 stone giants
  A minotaur (Gauntlet)
  3 entropy weavers
  14 black draconians
  A lorocyproca (Depths:5)
  A deep elf demonologist (Depths:2)
  A deep elf annihilator (Depths:4)
  14 purple draconians
  9 white draconians
  12 green draconians
  15 red draconians
  20 spark wasps
  5 yellow draconians
  7 dire elephants
  16 ettins
  An entropy weaver (shapeshifter) (Vaults:1)
  5 merfolk javelineers
  16 yaktaur captains
  2 deep elf high priests
  8 merfolk impalers
  An eleionoma (Zot:1)
  A jiangshi (Vaults:3)
  20 great orbs of eyes
  A fire dragon (shapeshifter) (Depths:4)
  13 fire dragons
  The ghost of LustLizard the Cleaver, a journeyman MiBe of Trog (Orc:2)
  4 ironbound thunderhulks
  8 boulder beetles
  Erolcha (D:11)
  8 rakshasas
  A hell beast (Gauntlet)
  16 spriggan air magi
  17 ice dragons
  12 vault guards
  An ogre mage (Vaults:1)
  12 ironbound frosthearts
  2 peacekeepers
  12 centaur warriors
  A juggernaut simulacrum (Depths:3)
  2 merfolk avatars
  7 hydras
  4 two-headed ogres
  2 catoblepae
  6 deep troll shamans
  7 merfolk aquamancers
  8 death scarabs (Spider:4)
  12 deep troll earth magi
  7 dancing weapons (Spider:2)
  26 death yaks
  5 hell hogs (Depths:1)
  4 satyrs
  2 vampire magi
  3 orc high priests (Orc:2)
  6 hell knights
  7 ironbound beastmasters
  A spectral dire elephant (Lair:6)
  15 tengu warriors
  11 spriggan berserkers
  A titan skeleton (Depths:3)
  A spectral death yak (Lair:6)
  2 storm dragon zombies (Depths:3)
  A fire crab (shapeshifter) (Depths:2)
  A spectral emperor scorpion (Spider:4)
  3 iron trolls
  10 sea snakes
  3 skeletal warriors (D:14)
  A deep troll (shapeshifter) (D:13)
  A goliath frog (shapeshifter) (Depths:5)
  A spectral anaconda (Lair:6)
  4 glowing orange brains
  3 flayed ghosts
  A glowing orange brain (shapeshifter) (D:15)
  4 spectral wolf spiders (Spider:4)
  11 phantasmal warriors
  35 deep trolls
  A wolf spider zombie (Spider:4)
  A tengu zombie (Vaults:3)
  13 lindwurms
  23 harpies
  5 orc knights
  2 shadow dragon zombies (Vaults:3)
  18 ironbound convokers
  13 wizards
  10 necromancers
  2 obsidian statues
  An oklob plant (D:12)
  13 orb spiders
  2 deep elf pyromancers
  2 salamanders
  17 wolf spiders
  7 orc sorcerers
  3 human zombies (Vaults:3)
  6 cyclopes
  10 fauns
  39 ugly things
  A moth of wrath (shapeshifter) (Depths:4)
  2 frost giant skeletons (Depths:3)
  16 manticores
  A fire giant zombie (Depths:3)
  A stone giant zombie (Vaults:3)
  A rust devil (Gauntlet)
  15 moths of wrath
  6 elephants (Lair:6)
  6 merfolk sirens
  2 dire elephant zombies (Lair:6)
  An eye of devastation (Slime:5)
  9 water nymphs
  5 torpor snails
  19 cane toads
  4 molten gargoyles (Volcano)
  6 black mambas
  23 vault sentinels
  12 komodo dragons
  2 kobold demonologists
  3 efreet
  9 demonic crawlers
  An ice devil (Depths:5)
  5 unseen horrors
  A rime drake (Lair:5)
  2 freezing wraiths
  56 yaktaurs
  3 redback zombies (Spider:4)
  6 tengu conjurers
  5 spectral redbacks (Spider:4)
  33 jumping spiders
  8 wind drakes
  26 hornets
  6 trolls
  A polar bear (Lair:6)
  10 blink frogs
  A polar bear (shapeshifter) (Depths:4)
  7 dream sheep
  A blink frog (shapeshifter) (Depths:4)
  A spectral jumping spider (Spider:4)
  Prince Ribbit (D:7)
  37 slime creatures
  38 merfolk
  3 spectral tarantellas (Spider:4)
  3 spectral elephants (Lair:6)
  A frost giant simulacrum (Depths:3)
  3 tarantella zombies (Spider:4)
  12 snapping turtles
  83 redbacks
  12 spriggans
  4 wraiths
  32 yaks
  2 spriggans (shapeshifter)
  31 tarantellas
  3 wyverns
  2 ynoxinuls
  2 elf zombies (Vaults:4)
  An ettin skeleton (Vaults:4)
  A hog (shapeshifter) (D:9)
  4 fire elementals (Volcano)
  22 water elementals
  Grum (D:7)
  6 basilisks
  2 chaos spawn (Depths:5)
  4 fire bats (D:8)
  A steam dragon (D:8)
  6 vampire mosquitoes (D:14)
  2 spectral cane toads (Lair:6)
  4 wargs
  11 water moccasins
  3 hell hounds
  An acid dragon (D:10)
  2 spectral hornets (Spider:4)
  5 floating eyes
  A black bear (D:5)
  24 orc warriors
  4 ice beasts
  2 sky beasts
  A deep troll simulacrum (Vaults:3)
  A sky beast (shapeshifter) (Depths:4)
  2 elephant zombies (Lair:6)
  13 ogres
  3 boggarts (Vaults:4)
  A human skeleton (Vaults:3)
  10 wolves
  18 centaurs
  An elephant skeleton (Lair:6)
  An elf simulacrum (Vaults:4)
  8 bullfrogs
  A bullfrog (shapeshifter) (Depths:4)
  4 kobold brigands
  2 earth elementals (Volcano)
  9 gnoll sergeants
  A cane toad simulacrum (Lair:6)
  A scorpion (D:5)
  2 water moccasin skeletons
  2 elephant simulacra (Lair:6)
  13 killer bees
  2 howler monkeys
  16 wights
  7 electric eels
  5 centaur zombies
  2 lava snakes (D:8)
  2 iron imps (Gauntlet)
  8 hounds
  18 orc priests
  8 gnoll shamans
  7 jellies
  A bullfrog skeleton (D:4)
  A centaur skeleton (D:4)
  3 iguanas (D:4)
  16 orc wizards
  A hell rat (D:10)
  A killer bee zombie (D:5)
  A hound skeleton (D:4)
  Robin (D:2)
  27 gnolls
  8 adders
  A river rat (D:10)
  A shadow imp (D:5)
  2 white imps
  An adder skeleton (D:5)
  5 worms
  A dart slug (D:4)
  71 orcs
  18 endoplasms
  5 giant cockroaches
  7 hobgoblins
  5 jackals
  3 quokkas
  5 ball pythons
  2 bats
  3 frilled lizards
  15 goblins
  25 kobolds
  4 rats
  A fire vortex (D:8)
  3 tentacles (Shoals:4)
2131 creatures vanquished.

Vanquished Creatures (collateral kills)
  A cyclops (D:15)
1 creature vanquished.

Vanquished Creatures (others)
  A storm dragon (Zot:5)
  A fire giant (Depths:4)
  A draconian knight (Zot:5)
  A merfolk aquamancer (Shoals:1)
  A hell hog (Depths:1)
  A flayed ghost (Depths:2)
  An ugly thing (Depths:4)
  A merfolk siren (Shoals:1)
  A merfolk (Shoals:1)
  A bush (Lair:6)
  A fire vortex (Volcano)
  38 fungi
  317 plants
  9 tentacles (Shoals:4)
  4 toadstools (D:1)
  20 withered plants (Lair:6)
399 creatures vanquished.

Grand Total: 2531 creatures vanquished

Notes
Turn   | Place    | Note
-------+----------+-------------------------------------------
     0 | D:1      | grimtooth the Formicid Venom Mage began the quest for the
                  | Orb.
     0 | D:1      | Reached XP level 1. HP: 13/13 MP: 3/3
   171 | D:1      | Found Witom's Jewellery Boutique.
   180 | D:1      | - boy hell of a bargain there
   351 | D:1      | Reached XP level 2. HP: 19/19 MP: 1/5
   696 | D:1      | Found a faded altar of an unknown god.
   937 | D:2      | Reached skill level 5 in Poison Magic
   937 | D:2      | Reached XP level 3. HP: 24/24 MP: 0/7
  1247 | D:2      | Noticed Robin
  1364 | D:2      | Killed Robin
  1365 | D:2      | Reached XP level 4. HP: 30/30 MP: 1/8
  2076 | D:3      | Found a hide-covered altar of Uskayaw.
  2298 | D:3      | Noticed a sky beast
  2339 | D:3      | Killed a sky beast
  2340 | D:3      | Reached XP level 5. HP: 35/35 MP: 4/9
  2450 | D:3      | Found a burning altar of Makhleb.
  2456 | D:3      | Found a glowing silver altar of Zin.
  2456 | D:3      | Noticed an angel
  2456 | D:3      | Noticed a cacodemon
  2485 | D:3      | Found Ifoh's Assorted Antiques.
  2559 | D:3      | Reached XP level 6. HP: 41/41 MP: 1/10
  3079 | D:3      | Became a worshipper of Uskayaw the Reveller
  3191 | D:4      | Reached * piety under Uskayaw
  3372 | D:4      | Reached ** piety under Uskayaw
  3572 | D:4      | Noticed an ogre
  3810 | D:4      | Reached XP level 7. HP: 37/46 MP: 8/11
  4105 | D:4      | Learned a level 4 spell: Olgreb's Toxic Radiance
  4168 | D:5      | Entered Level 5 of the Dungeon
  4269 | D:5      | Reached *** piety under Uskayaw
  4271 | D:5      | Reached **** piety under Uskayaw
  4508 | D:5      | Reached skill level 10 in Poison Magic
  4512 | D:5      | Found a stormy altar of Qazlal.
  4529 | D:5      | Learned a level 3 spell: Mephitic Cloud
  4648 | D:5      | Reached XP level 8. HP: 50/52 MP: 7/12
  5536 | D:6      | Found Kiwon's Magic Scroll Shop.
  5567 | D:6      | Reached skill level 5 in Stealth
  6059 | D:6      | Reached XP level 9. HP: 45/57 MP: 3/13
  6089 | D:6      | Reached skill level 1 in Invocations
  6209 | D:6      | Reached skill level 1 in Conjurations
  6322 | D:6      | - ding ding
  6326 | D:6      | Learned a level 3 spell: Ignite Poison
  6411 | D:3      | Bought a scroll labelled ALAXOO FAQE for 30 gold pieces
  6411 | D:3      | Bought a scroll labelled FIDIR HUDIKO for 30 gold pieces
  6467 | D:6      | Bought a scroll of identify for 28 gold pieces
  6634 | D:6      | Reached skill level 5 in Invocations
  6822 | D:7      | - did i just blow this so stupid
  6910 | D:7      | Reached skill level 1 in Air Magic
  7045 | D:7      | Identified the +6 spear "Hurchiul" {holy, rElec Int+5 Dex+4
                  | Stlth-}
  7381 | D:7      | Found Baegovel's Distillery.
  7421 | D:7      | Bought a potion of degeneration for 12 gold pieces
  7468 | D:7      | Reached XP level 10. HP: 63/63 MP: 9/16
  7629 | D:7      | Noticed Prince Ribbit
  7836 | D:7      | Killed Prince Ribbit
  7837 | D:7      | Reached skill level 5 in Transmutations
  8023 | D:7      | Found a staircase to the Ecumenical Temple.
  8108 | D:7      | Reached skill level 1 in Fighting
  8108 | D:7      | Reached skill level 1 in Armour
  8580 | D:7      | Noticed Grum
  8587 | D:7      | Killed Grum
  8839 | D:8      | Found a shimmering altar of Xom.
  9237 | D:8      | HP: 1/73 [fire bat (8)]
  9239 | D:8      | You fall into a shaft and drop 2 floors!
  9239 | D:10     | Entered Level 10 of the Dungeon
  9240 | D:10     | - yikes
  9378 | D:10     | Noticed a death yak
  9528 | D:10     | Noticed a boulder beetle
  9537 | D:10     | Killed a boulder beetle
  9538 | D:10     | Reached skill level 5 in Fighting
  9538 | D:10     | Reached skill level 5 in Armour
  9538 | D:10     | Reached XP level 11. HP: 81/81 MP: 0/17
  9828 | D:9      | Found a flagged portal.
  9841 | Bailey   | Entered a bailey
 10531 | D:1      | Bought the ring "Quntu" {Fly rN+ Will+++ Int+3 Stlth+} for
                  | 588 gold pieces
 10558 | D:3      | Bought an orange potion for 27 gold pieces
 10558 | D:3      | Bought a bubbling red potion for 27 gold pieces
 10614 | D:6      | Bought a scroll of identify for 28 gold pieces
 10614 | D:6      | Bought a scroll of identify for 28 gold pieces
 10614 | D:6      | Bought a scroll of identify for 28 gold pieces
 10614 | D:6      | Bought a scroll of fear for 49 gold pieces
 10645 | D:7      | Bought a potion of curing for 36 gold pieces
 10645 | D:7      | Bought a potion of curing for 36 gold pieces
 10904 | D:8      | Reached skill level 5 in Maces & Flails
 11898 | D:9      | You are sucked into a shaft and drop 2 floors!
 12345 | D:11     | Noticed Erolcha
 12788 | D:10     | Noticed a death yak
 12788 | D:10     | Found a staircase to the Lair.
 12791 | D:10     | Noticed a death yak
 12794 | D:10     | Killed a death yak
 13128 | D:10     | Reached XP level 12. HP: 76/88 MP: 11/18
 13200 | D:10     | Killed a death yak
 13239 | D:10     | Killed a death yak
 13901 | D:10     | Noticed a boulder beetle
 13902 | D:10     | Noticed a centaur warrior
 13914 | D:10     | Noticed a two-headed ogre
 13921 | D:10     | Killed a two-headed ogre
 13922 | D:10     | Reached skill level 10 in Invocations
 13949 | D:10     | Killed a centaur warrior
 14145 | D:10     | Killed a boulder beetle
 14789 | D:12     | Found a staircase to the Orcish Mines.
 15268 | D:12     | Reached skill level 5 in Spellcasting
 15414 | D:12     | Reached skill level 15 in Poison Magic
 15490 | D:12     | Reached XP level 13. HP: 66/93 MP: 18/21
 15960 | Lair:1   | Entered Level 1 of the Lair of Beasts
 16628 | Lair:1   | Found a transporter.
 16630 | Lair:1   | Found a transporter.
 16631 | Lair:1   | Noticed a boulder beetle
 17140 | Lair:2   | Reached skill level 1 in Shields
 17142 | Lair:2   | Reached ***** piety under Uskayaw
 17843 | Lair:3   | Found a staircase to the Shoals.
 17843 | Lair:3   | Noticed a four-headed hydra
 17870 | Lair:3   | Killed a four-headed hydra
 18069 | Lair:3   | Found a hole to the Spider Nest.
 18234 | Lair:3   | Reached skill level 5 in Shields
 18706 | Lair:4   | Noticed a six-headed hydra
 18739 | Lair:4   | Found a dark tunnel.
 18748 | Volcano  | Entered a volcano
 19580 | Lair:4   | Reached XP level 14. HP: 90/100 MP: 23/23
 20167 | Lair:5   | Found a staircase to the Slime Pits.
 20423 | Lair:5   | Found a runed translucent gate.
 20423 | Lair:5   | Found a runed translucent gate.
 20423 | Lair:5   | Found a runed translucent gate.
 20424 | Lair:5   | Noticed Bolunijamo's ghost (journeyman GnFi)
 20612 | Lair:6   | Entered Level 6 of the Lair of Beasts
 20932 | Lair:6   | Reached skill level 5 in Dodging
 21122 | Lair:6   | Reached skill level 10 in Stealth
 21296 | Lair:6   | Reached XP level 15. HP: 79/113 MP: 2/24
 21500 | Lair:6   | Noticed pkoi's ghost (journeyman DrCj)
 21534 | Lair:6   | Found a runed translucent gate.
 21534 | Lair:6   | Found a runed translucent gate.
 21535 | Lair:6   | Found a runed translucent gate.
 21570 | Lair:6   | Reached ****** piety under Uskayaw
 22409 | Lair:6   | Reached skill level 10 in Fighting
 22409 | Lair:6   | Reached skill level 10 in Armour
 22409 | Lair:6   | Reached skill level 15 in Stealth
 23546 | Orc:1    | Entered Level 1 of the Orcish Mines
 24037 | Orc:2    | Entered Level 2 of the Orcish Mines
 24161 | Orc:2    | Found a staircase to the Elven Halls.
 24266 | Orc:2    | Found a runed translucent door.
 24275 | Orc:2    | Noticed LustLizard's ghost (journeyman MiBe)
 24319 | Orc:2    | Found Uhia's Armour Emporium.
 24379 | Orc:2    | Noticed Rupert
 24809 | Orc:2    | Found Ussierr's General Store.
 24823 | Orc:2    | Found Foru's Jewellery Emporium.
 24914 | Orc:2    | Found Icyeleu's Distillery.
 24919 | Orc:2    | Found Vitz's Assorted Antiques.
 24958 | Orc:2    | Bought a scroll of identify for 22 gold pieces
 25014 | Orc:2    | Identified the ring "Fad Leti" {rF++ rC++ MP+9 Str-2}
 25113 | Orc:2    | Bought the ring "Guiclumnug" {rElec rC+ AC+4 Int+4} for 784
                  | gold pieces
 25125 | Orc:2    | Bought a runed cloak for 217 gold pieces
 25125 | Orc:2    | Bought a peridot ring for 145 gold pieces
 25396 | D:13     | Reached XP level 16. HP: 118/126 MP: 13/25
 25585 | D:13     | Identified the ring "Desch" {Wiz Will+ Int+4 Dex+6}
 26200 | D:13     | Found a gate to the Vaults.
 26598 | Spider:1 | Entered Level 1 of the Spider Nest
 26619 | Spider:1 | Reached skill level 1 in Evocations
 26971 | Spider:1 | Identified a scroll of acquirement
 26972 | Spider:1 | Acquired 675 gold pieces
 27450 | Spider:1 | Reached skill level 5 in Evocations
 27877 | Spider:2 | - yeah dont forget to wear your armour
 28133 | Spider:2 | Found a runed translucent door.
 28472 | Spider:3 | Noticed Arachne
 28541 | Spider:3 | Reached XP level 17. HP: 108/133 MP: 23/30
 28697 | Spider:4 | Entered Level 4 of the Spider Nest
 28712 | Spider:4 | HP: 4/133 [poisoned by a redback]
 29570 | Spider:4 | Noticed Louise
 29894 | Spider:4 | - oh an undead theme just for me
 30315 | Shoals:1 | Entered Level 1 of the Shoals
 31310 | Shoals:2 | Found a runed translucent door.
 31310 | Shoals:2 | Found a shimmering altar of Xom.
 31310 | Shoals:2 | Noticed Myro's ghost (adept DrAE)
 31313 | Shoals:2 | Identified the +12 halberd of the Rattlesnake {chaos, rElec
                  | rN+ Dex-5 Stlth+}
 31471 | Shoals:2 | Got the Catalogue of Shifting Enchantment
 31477 | Shoals:2 | Learned a level 4 spell: Petrify
 31569 | Shoals:2 | Reached skill level 1 in Earth Magic
 31585 | Shoals:2 | - ah crap
 31586 | Shoals:2 | HP: 2/129 [drowned by a water elemental (8)]
 31587 | Shoals:2 | You are sucked into a shaft and drop 1 floor!
 31591 | Shoals:3 | HP: 4/129 [harpy (6)]
 32227 | Shoals:3 | Reached XP level 18. HP: 137/140 MP: 18/31
 32310 | Shoals:3 | Reached skill level 5 in Earth Magic
 32567 | Shoals:3 | Noticed Nikola
 32869 | Shoals:3 | Killed Nikola
 32884 | Shoals:3 | Identified the +3 scimitar of Ajyogen {freeze, rElec rN+}
 32965 | Shoals:4 | Entered Level 4 of the Shoals
 32965 | Shoals:4 | Noticed Polyphemus
 33224 | Shoals:4 | Noticed a kraken
 33230 | Shoals:4 | Acquired the +8 tower shield "Xytykk" {rCorr Stlth+}
 33235 | Shoals:4 | Found Laicaeme's Antique Armour Boutique.
 33271 | Shoals:4 | Killed a kraken
 33595 | Shoals:4 | Identified the +8 scale mail of the Tuna {Harm rElec Str+6
                  | Int-4 Slay+5}
 33869 | Shoals:4 | Reached skill level 10 in Shields
 34335 | Shoals:4 | Killed Polyphemus
 34342 | Shoals:4 | - oh no
 34536 | Shoals:4 | Identified the +7 quarterstaff of Tartarus {vorpal, Str+3}
 34557 | Shoals:4 | Identified the +2 chain mail of Retu {rElec rPois rC++
                  | Str-2}
 34668 | Shoals:4 | Got a barnacled rune of Zot
 34726 | Shoals:4 | Noticed Ilsuiw
 34734 | Shoals:4 | Killed Ilsuiw
 34735 | Shoals:4 | Reached XP level 19. HP: 146/146 MP: 14/32
 35258 | D:14     | Learned a level 5 spell: Lee's Rapid Deconstruction
 35477 | D:14     | Noticed Jorgrun
 36061 | D:14     | Found a shimmering altar of Xom.
 36061 | D:14     | Found a shimmering altar of Xom.
 36061 | D:14     | Found a shimmering altar of Xom.
 36061 | D:14     | Found a shimmering altar of Xom.
 36062 | D:14     | Found a shimmering altar of Xom.
 36062 | D:14     | Found a shimmering altar of Xom.
 36231 | D:15     | Entered Level 15 of the Dungeon
 36488 | D:15     | Found a gate leading to a gauntlet.
 36499 | Gauntlet | Entered a Gauntlet
 36499 | Gauntlet | Found a transporter.
 36499 | Gauntlet | Found a transporter.
 36501 | Gauntlet | Found a transporter.
 36502 | Gauntlet | Found a transporter.
 36505 | Gauntlet | Found a transporter.
 36505 | Gauntlet | Found a transporter.
 36538 | Gauntlet | Found a transporter.
 36542 | Gauntlet | Found a transporter.
 36554 | Gauntlet | Found a transporter.
 36568 | Gauntlet | Found a transporter.
 36582 | Gauntlet | Found a transporter.
 36586 | Gauntlet | Found a transporter.
 36862 | Gauntlet | Identified the amulet "Tetytwih" {Reflect rCorr Dex+3
                  | Slay+2 SH+5}
 37220 | D:15     | Noticed Liploats's ghost (journeyman DDFi)
 37221 | D:15     | Found a runed translucent door.
 37416 | D:15     | Found a staircase to the Depths.
 37869 | D:7      | Bought a potion of curing for 36 gold pieces
 37869 | D:7      | Bought a potion of curing for 36 gold pieces
 38080 | Orc:2    | Bought a potion of heal wounds for 75 gold pieces
 38080 | Orc:2    | Bought a potion of might for 60 gold pieces
 38080 | Orc:2    | Bought a potion of invisibility for 120 gold pieces
 38082 | Orc:2    | Bought a scroll of identify for 58 gold pieces
 38082 | Orc:2    | Bought a scroll of fog for 58 gold pieces
 38547 | Spider:4 | Reached skill level 15 in Invocations
 38986 | Spider:4 | Reached skill level 15 in Shields
 39105 | Spider:4 | Reached XP level 20. HP: 153/153 MP: 25/33
 39707 | Spider:4 | Got a gossamer rune of Zot
 39977 | Spider:4 | Killed Louise
 40021 | Spider:3 | Killed Arachne
 40022 | Spider:3 | Reached XP level 21. HP: 144/162 MP: 17/34
 40191 | Lair:6   | Identified the ring "Itill" {Contam rElec rPois rN+ Str+4}
 40276 | Lair:6   | Killed pkoi's ghost
 40639 | D:9      | Found a glowing golden altar of the Shining One.
 40767 | D:11     | Learned a level 2 spell: Passwall
 40778 | D:11     | Killed Erolcha
 41015 | Orc:2    | Killed LustLizard's ghost
 41093 | Orc:2    | Killed Rupert
 41787 | Vaults:1 | Entered Level 1 of the Vaults
 41836 | Vaults:1 | Reached skill level 1 in Staves
 42023 | Vaults:1 | Found a gateway to a bazaar.
 42204 | Vaults:1 | Reached skill level 15 in Fighting
 42213 | Vaults:1 | Reached skill level 5 in Staves
 42213 | Vaults:1 | Reached skill level 1 in Throwing
 42313 | Vaults:1 | Found a huge runed gate.
 42313 | Vaults:1 | Found a huge runed gate.
 42313 | Vaults:1 | Found a huge runed gate.
 42313 | Vaults:1 | Found a huge runed gate.
 42313 | Vaults:1 | Found a huge runed gate.
 42313 | Vaults:1 | Found a huge runed gate.
 42314 | Vaults:1 | Found a huge runed gate.
 42314 | Vaults:1 | Found a huge runed gate.
 42314 | Vaults:1 | Found a huge runed gate.
 42314 | Vaults:1 | Found a huge runed gate.
 42317 | Vaults:1 | Found a huge runed gate.
 42317 | Vaults:1 | Found a huge runed gate.
 42317 | Vaults:1 | Found a huge runed gate.
 42317 | Vaults:1 | Found a huge runed gate.
 42317 | Vaults:1 | Found a huge runed gate.
 42317 | Vaults:1 | Found a huge runed gate.
 42318 | Vaults:1 | Found a huge runed gate.
 42319 | Vaults:1 | Found a huge runed gate.
 42320 | Vaults:1 | Found a huge runed gate.
 42328 | Vaults:1 | Found a huge runed gate.
 42328 | Vaults:1 | Found a huge runed gate.
 42328 | Vaults:1 | Found a huge runed gate.
 42328 | Vaults:1 | Found a huge runed gate.
 42328 | Vaults:1 | Found a huge runed gate.
 42328 | Vaults:1 | Found a huge runed gate.
 42329 | Vaults:1 | Found a huge runed gate.
 42330 | Vaults:1 | Found a huge runed gate.
 42331 | Vaults:1 | Found a huge runed gate.
 42348 | Vaults:1 | Found a huge runed gate.
 42348 | Vaults:1 | Found a huge runed gate.
 42348 | Vaults:1 | Found a huge runed gate.
 42348 | Vaults:1 | Found a huge runed gate.
 42348 | Vaults:1 | Found a huge runed gate.
 42348 | Vaults:1 | Found a huge runed gate.
 42349 | Vaults:1 | Found a huge runed gate.
 42350 | Vaults:1 | Found a huge runed gate.
 43392 | Vaults:1 | Reached XP level 22. HP: 169/175 MP: 35/35
 43644 | Vaults:1 | Reached skill level 10 in Maces & Flails
 44008 | Vaults:2 | Reached skill level 10 in Evocations
 44023 | Vaults:2 | Reached skill level 5 in Throwing
 44411 | Vaults:2 | Noticed Asterion
 44417 | Vaults:2 | Killed Asterion
 45038 | Vaults:2 | Identified the +0 buckler of Duty {Will+ Slay+6}
 45041 | Vaults:2 | - sweet buckler
 45521 | Vaults:3 | Found a staircase to the Crypt.
 45629 | Vaults:3 | Reached XP level 23. HP: 181/181 MP: 7/36
 45841 | Vaults:3 | Noticed Saint Roka
 45854 | Vaults:3 | Killed Saint Roka
 47297 | Vaults:4 | Reached skill level 15 in Armour
 47555 | Vaults:4 | Reached skill level 10 in Transmutations
 49321 | Bazaar   | Entered a bazaar
 49323 | Bazaar   | Found Wemucuis's Jewellery Boutique.
 49327 | Bazaar   | Found Gatuolar's Antique Weapon Boutique.
 49327 | Bazaar   | Found Biuwk's Antique Weapon Boutique.
 49327 | Bazaar   | Found Hidgh's Antique Armour Boutique.
 49367 | Bazaar   | Bought a glowing chain mail for 157 gold pieces
 49367 | Bazaar   | Bought a spiked scale mail for 189 gold pieces
 49367 | Bazaar   | Identified the +9 scale mail of the Learner {rPois rF+}
                  | (You bought it in a shop in a bazaar)
 49367 | Bazaar   | Bought an embroidered scarf for 168 gold pieces
 49618 | Slime:1  | Entered Level 1 of the Pits of Slime
 49719 | Slime:4  | Reached XP level 24. HP: 187/188 MP: 29/36
 49729 | Slime:5  | Entered Level 5 of the Pits of Slime
 49792 | Slime:5  | Found a viscous altar of Jiyva.
 49792 | Slime:5  | Noticed the Royal Jelly
 49794 | Slime:5  | Found the +3 crown of Dyrovepreva {rElec Int+2 SInv}
 49857 | Slime:5  | Killed the Royal Jelly
 49919 | Slime:5  | Got a slimy rune of Zot
 50527 | D:13     | Acquired Great Wizards, Vol. II
 50610 | D:15     | Learned a level 5 spell: Alistair's Intoxication
 50617 | D:15     | Learned a level 6 spell: Eringya's Noxious Bog
 50618 | Depths:1 | Entered Level 1 of the Depths
 50899 | Depths:1 | Found a gateway to a ziggurat.
 50979 | Depths:1 | Noticed the Enchantress
 50986 | Depths:1 | Killed the Enchantress
 51052 | Depths:1 | You fall into a shaft and drop 1 floor!
 51054 | Depths:2 | Found a runed translucent door.
 51054 | Depths:2 | Found a runed translucent door.
 51226 | Depths:2 | Noticed a juggernaut
 51495 | Depths:1 | Identified the +8 flail of the Empty Page {drain, +Blink
                  | +Rage SInv}
 51558 | Depths:1 | Reached XP level 25. HP: 168/200 MP: 28/36
 51688 | Depths:1 | Noticed Aizul
 51702 | Depths:1 | Killed Aizul
 51813 | Depths:1 | Found a gateway to Hell.
 52935 | Depths:2 | Found a one-way gate to the infinite horrors of the Abyss.
 53118 | Depths:2 | Noticed a juggernaut
 53131 | Depths:2 | Killed a juggernaut
 53138 | Depths:2 | Noticed a caustic shrike
 53205 | Depths:2 | Killed a caustic shrike
 53739 | Depths:2 | Killed a juggernaut
 54100 | Depths:2 | Reached XP level 26. HP: 192/211 MP: 36/36
 54237 | Depths:2 | Found an iron altar of Okawaru.
 54380 | Depths:2 | Noticed a juggernaut
 54388 | Depths:2 | Reached skill level 10 in Dodging
 54393 | Depths:2 | Killed a juggernaut
 54393 | Depths:2 | Identified the +2 ring mail "Sylesez" {rPois Int-2 Dex+5}
 54865 | Depths:2 | Found a runed translucent door.
 54925 | Depths:2 | Identified the +8 rapier of True Grit {vorpal, *Slow rCorr
                  | Int+5}
 55187 | Depths:2 | Identified the +4 morningstar "Kaporurph" {spect, rF+
                  | Dex+2}
 55197 | Depths:2 | Identified the +5 war axe of Dim Light {freeze, rF+ rC+ rN+
                  | Str+2}
 55481 | Depths:3 | Found a one-way gate leading to the halls of Pandemonium.
 55713 | Depths:3 | Noticed Xtahua
 56222 | Depths:3 | Found Symnops's Weapon Shop.
 56863 | Depths:3 | Bought 5 datura-tipped darts for 24 gold pieces
 56907 | Depths:3 | Noticed Boris
 56908 | Depths:3 | - quite the double team
 56916 | Depths:3 | Found a shadowy altar of Dithmenos.
 56935 | Depths:3 | Killed Xtahua
 56942 | Depths:3 | Killed Boris
 57350 | Depths:4 | Reached XP level 27. HP: 181/209 MP: 36/36
 57358 | Depths:4 | Noticed Boris
 57364 | Depths:4 | Found a portal to a secret trove of treasure.
 57369 | Depths:4 | Killed Boris
 57592 | Depths:4 | Noticed Sojobo
 57600 | Depths:4 | Killed Sojobo
 57696 | Depths:4 | Noticed a juggernaut
 57709 | Depths:4 | Killed a juggernaut
 57731 | Depths:4 | Noticed a juggernaut
 57755 | Depths:4 | Killed a juggernaut
 57756 | Depths:4 | Noticed a juggernaut
 58671 | Depths:4 | Identified the +2 morningstar of Action {vorpal, Str+4}
 59108 | Depths:4 | Killed a juggernaut
 59197 | Depths:4 | Noticed a juggernaut
 59207 | Depths:4 | Killed a juggernaut
 59208 | Depths:4 | Reached skill level 15 in Maces & Flails
 59208 | Depths:4 | Reached skill level 10 in Throwing
 59220 | Depths:4 | Identified the ring of Jarrom {Fire Dex+6}
 60341 | Depths:5 | Entered Level 5 of the Depths
 60341 | Depths:5 | Found an iron altar of Okawaru.
 60419 | Depths:5 | Noticed a juggernaut
 60430 | Depths:5 | Killed a juggernaut
 60529 | Depths:5 | Found a gate to the Realm of Zot.
 60584 | Depths:5 | - uh wrong weapon
 61830 | Depths:5 | Found a corrupted altar of Lugonu.
 62412 | D:6      | Bought a scroll of enchant weapon for 105 gold pieces
 62412 | D:6      | Bought a scroll of enchant weapon for 105 gold pieces
 63187 | Zot:1    | Entered Level 1 of the Realm of Zot
 63621 | Depths:5 | - that was lucky chance on that lcs
 63621 | Depths:5 | - dead for sure
 64444 | Zot:1    | Reached skill level 15 in Earth Magic
 64777 | Zot:2    | You are sucked into a shaft and drop 2 floors!
 64995 | Zot:2    | You are sucked into a shaft and drop 1 floor!
 65825 | Zot:3    | Reached skill level 15 in Transmutations
 65896 | Zot:3    | Identified the +6 long sword of Eternal Night {vorpal,
                  | Int+4 Dex+3 Stlth+}
 66744 | Zot:5    | Entered Level 5 of the Realm of Zot
 67867 | Zot:5    | Noticed an ancient lich
 67878 | Zot:5    | Noticed an orb of fire
 67880 | Zot:5    | Noticed a dread lich
 67880 | Zot:5    | Noticed an orb of fire
 67881 | Zot:5    | Noticed an orb of fire
 67883 | Zot:5    | Noticed a Killer Klown
 67883 | Zot:5    | Noticed an orb of fire
 67889 | Zot:5    | Noticed a Killer Klown
 67890 | Zot:5    | Noticed an orb of fire
 67890 | Zot:5    | Noticed a Killer Klown
 67891 | Zot:5    | Noticed an ancient lich
 67891 | Zot:5    | Noticed an ancient lich
 67891 | Zot:5    | Noticed a Killer Klown
 67894 | Zot:5    | Noticed a Killer Klown
 67894 | Zot:5    | Noticed a Killer Klown
 67903 | Zot:5    | Killed an orb of fire
 67912 | Zot:5    | Killed an ancient lich
 67916 | Zot:5    | Killed an ancient lich
 67923 | Zot:5    | - not looking good
 67923 | Zot:5    | Killed an orb of fire
 67926 | Zot:5    | HP: 9/224 [orb of fire/bolt of fire (19)]
 67927 | Zot:5    | Killed an orb of fire
 67928 | Zot:5    | - wrong onr
 67928 | Zot:5    | Killed from afar by an orb of fire

Illustrated notes ≈≈≈≈≈≈≈≈≈≈≈≈...#.......†..## ≈≈≈≈≈≈≈≈≈≈≈≈....>..........## ≈≈≈≈≈≈≈≈≈≈≈≈................# .............#..............# .............#..........>...# ............................# ##.#.#########..............# ##............## ##♣.........## #..##........ ♣@♣##.⌠≈P≈≈≈⌠⌠ #..# #....P.... #.♣# #.≈.####.⌠ .. ..⌠.# ... .≈.# #### { Turn 180 on D:1: - boy hell of a bargain there ######## #@.....######### #......#.......# #......#.......# #......#.......# #######......######..# #.......######.####..# #.......#............# #.......#............# #.......#............# #.(.....#............# ######.......#........>...# Turn 6322 on D:6: - ding ding ##...o# #......## ### ...)....#)..### .......<.)(.... .......).....## .......(......# #.............# #............## #.....)..)...## #..........Y<.#.## #..........Y@....# #........#...## ##.......##### #...#<.....# ...[.......{.# ..##.....[...# .........{.# ........#...o# ###.....#...... ##.......#..# ##....##.... Turn 6822 on D:7: - did i just blow this so stupid #### #..# #$.# #..##+### #@....... #........ #..##>... #..# ... #... . #.... #.... #..... Turn 9240 on D:10: - yikes #...........## #............# #..........^.## #.......#.....# #### #............# ##..#### { #............# ###...#..# {#...........^# ##.......## { #...#.....@.#####...#...^## #^...##...##.##.....)...# { ##.......^.#............## { ##.#^......^>............^# #.....^.......#.........(.# #....#^..#................^ ##.#...........#....###...# #...#............#...###.## #.^####..#.#...#....## ### ##.# ##...........#### ### #...##..........# Turn 27877 on Spider:2: - yeah dont forget to wear your armour #.....##....# #.8.8.#...### #....[#.#..# ... #.........## ... #.8.8.....# ..≈. #....^...## Z.#.≈##.##^...# ...≈≈### ##...# s..≈≈≈#####≈..# Z..≈≈≈≈≈##≈≈..# Z..≈≈≈≈@≈≈≈≈.^# ...≈≈≈##≈≈≈...# Z..#≈ ###≈≈..# . .. ### ##≈..# .. #.###....# .. #^.......# . {#.8.8...^# #........# {#.....#### #.8.8.# #....^# Turn 29894 on Spider:4: - oh an undead theme just for me ...<....≈≈≈≈≈≈≈..≈†≈≈≈≈≈≈≈ .......≈≈≈≈≈≈≈≈≈≈≈≈≈≈≈≈≈≈≈≈≈ ###.≈.≈.≈≈≈≈≈≈...≈≈≈≈≈≈≈≈≈≈≈ #=##≈≈...≈.≈≈.###.≈≈≈≈≈≈≈≈≈≈ +_ #.#.....≈≈## ##.≈≈≈≈≈≈≈≈≈ #{##.##....≈≈.####.≈≈≈≈≈≈≈≈≈ ###.....)≈.....#..≈≈≈≈≈≈≈≈≈≈ .....†..≈≈≈......≈≈≈†≈≈≈≈≈≈≈ ....≈≈...>≈≈≈.##.m≈≈≈≈≈≈≈≈≈≈ ...≈≈≈≈≈.....###..≈≈≈≈≈≈≈≈≈≈ ...≈≈≈≈≈≈≈..## #@≈≈≈≈≈≈≈≈≈≈≈ ..≈≈≈.≈≈≈≈.## #Em≈≈≈≈≈≈≈≈≈≈ ≈≈≈≈≈≈≈≈≈≈..# ##Em≈≈≈≈≈≈≈≈≈≈ ≈≈≈≈≈≈≈≈(≈..###.m≈≈≈≈≈≈≈≈≈≈≈ ≈≈≈≈≈≈≈≈≈≈≈.....≈≈≈≈≈≈≈≈≈≈≈≈ ≈≈≈≈≈≈≈≈≈≈≈≈.≈≈≈≈≈≈≈≈≈≈≈≈≈≈≈ ≈≈≈≈≈≈≈≈≈≈≈≈≈≈≈≈≈≈≈≈≈≈≈≈≈≈≈ ≈≈≈≈≈≈≈≈≈≈≈≈≈≈≈≈≈≈≈≈≈≈≈≈≈≈ ≈≈≈≈≈≈≈≈≈≈≈≈≈≈≈≈≈≈≈≈≈≈≈≈≈ ≈≈≈≈≈≈≈≈≈≈≈≈≈≈≈≈≈≈≈≈≈≈ ≈≈≈≈≈≈≈≈≈≈≈≈≈≈≈≈≈≈≈≈≈ Turn 31585 on Shoals:2: - ah crap ≈P.≈≈≈≈≈≈≈≈≈≈≈≈≈≈≈≈≈≈≈(.....###.≈ ≈..≈≈≈≈≈≈≈≈≈≈≈≈≈≈≈≈≈≈≈....)(###.≈ ..≈..≈≈≈≈≈≈≈≈≈≈≈≈≈≈≈≈....)......≈ P....≈≈≈≈≈≈≈≈≈≈≈≈≈≈........(....) ....#..≈≈≈≈≈≈≈≈≈≈≈............... .Y..#....≈≈≈≈≈≈≈≈≈............... ≈......≈≈≈≈≈≈≈≈≈≈≈...(.)......... .≈≈....≈≈≈≈≈≈≈≈≈[..∩........).... .#≈≈.≈≈###≈≈..................... {####)≈≈P#≈............P≈.P.).... ..#..≈≈≈.....Y..@..≈##.PP≈....... .....≈≈≈.Y....†§§§§§P§..≈≈###≈..≈ .....)≈≈...Y........≈≈..≈≈≈P#≈)≈≈ ......≈≈............##.)≈≈≈PP≈≈≈≈ .....≈≈≈#............≈..≈≈≈≈≈P≈≈≈ ≈#..≈≈####.............≈≈≈≈##≈≈≈≈ ≈###≈≈≈≈≈#..........#.≈.≈≈≈≈≈≈≈≈≈ ≈ ≈≈.≈≈............###.≈≈≈≈P≈≈≈≈ ≈ ≈≈≈≈≈≈≈≈≈≈≈≈.....≈≈≈≈P≈##≈≈≈≈ ≈≈≈≈≈≈≈≈≈≈≈≈≈≈≈≈≈≈≈≈≈≈≈≈≈≈≈ ≈≈≈≈≈≈≈≈≈≈≈≈≈≈≈≈≈≈≈≈≈≈≈≈≈≈≈ Turn 34342 on Shoals:4: - oh no ############################## .............................# .............................# .............................# ...........###########.......# ...........###########.......# ...........##.....'.##.......# ...........##.....#.##.......# ...........##..####.##.......# ...........#.....!####.......# ####.......'...#@[+ #.......# '..#.......######## #.......# '..#.......###########.......# #..#.........................# #..#.........................# #..#.........................# #..#.........................# +..#.........................# +..#..#####################..# ####..#...#.#........)....'..# ......#...#)#.#...###.#...#..# Turn 45041 on Vaults:2: - sweet buckler # .###.# ### ...D.. ..# ...... ... ###.# #.# ....#. ###.###.####### ...... L.............) ###.#. #. #@# ####### # # #. #.# #.....# #### #.# #.# #.....###.'. #.###.# #.........'. #. #####...#.#####.........'. #.##.......#..............)## #..........#...............## ...........................## #.......###########......## #.......# #......## #.....#.# #......## Turn 56908 on Depths:3: - quite the double team .#..⌠...##≈≈≈##.# ##....○.#≈≈≈≈≈#.# #....##.≈≈≈≈≈≈#.## ...#.##≈≈≈≈≈≈≈#..# ###.#.#≈≈≈≈≈≈≈##.# .#...≈≈≈≈≈≈≈##.## ..#....≈≈≈≈≈≈##..# .##d##..#≈≈≈≈≈###.# # .V[#..#.##........#.# . #....##.....D....# #...#.##.....D@...# #######.##.....d....# .....##.##..........# ......#.#.........### ......+.#.........# ......#...........# ...^..#.##.##.....# .....#..#...#..#### .....#.........#### ###'##...._.....#.# #.##..........#.# Turn 60584 on Depths:5: - uh wrong weapon

≈≈≈≈≈.....#.###...###...#........
≈≈≈≈≈#...#...##...##...#...##....
≈≈≈≈≈##.)#......⌠...#..#..)##.)))
≈≈≈≈≈#.##.##.....).#.##.##.##....
≈≈≈≈≈#.?.#..#.......#..#..###....
≈≈≈≈≈#...#..######..#○.#...##....
≈≈≈≈≈##.#.###....##.###...#......
≈≈≈≈≈###.#....?...#..#...##.#####
≈≈≈≈≈###....#####'#..#...##.# ###
≈≈)≈##.....##.')..#..#......###≈#
≈≈)###.†♣..#..#.@.#..#..⌠...##≈≈≈
≈≈)≈##.....#..#.).'.##......#≈≈≈≈
≈≈≈≈≈###...#..#'#####....##.≈≈≈≈≈
≈≈≈≈≈###...#..#........#.##≈≈≈≈≈≈
≈≈≈≈≈##...###.##..^.###.#.#≈≈≈≈≈≈
≈≈≈≈≈#...#..#..######..#...≈≈≈≈≈≈
≈≈≈≈≈##..#..#.......#..#....≈≈≈≈≈
≈≈≈≈≈#.##)##.#.......##.##..#≈≈≈≈
≈≈≈≈≈#...#..#...♣.....[#..#.##...
≈≈≈≈≈#...#...##...##...#....##...
#≈≈≈≈##+#...###...###.#...#.##...


Turn 63621 on Depths:5: - that was lucky chance on that lcs ,,,,,,,,,,,*
*#...........^.#* *, ,,,,,,,,,,,* #.............# *, ,,,,,,,,^,,*
*#...........#* *, ,,,,,,,,^,,* #..{.......*# *, ,,,,,,,,,,,* ##.{{{{{.^{..## *,
,,,,,,,,,,** #...{{{{{{{{..# ** ,,,,,,,,,** *#..{{{{{{.{...#* * ,,,,,,,,**
*....{{{{{{{{...* *******##▓▓▓ *#######{#######* #<..######**##{###...## ###
####.^##...@##{#{##.....### ..####....##.....###({.........#
...##...###.......####....#....## ^..#....###.......# ##...###.....
...#...##.'.......###....#.##.... ..##...'..##.....###..^.##..##...
.##....##..##...###.....#..###(#. ##....####.##+#'###...####.....##
##.....#####..#...#..⌠.###....... ####....###...#...##....#..##....
...##....##.......###...##.#..... Turn 67923 on Zot:5: - not looking good
,,,,,,,,,***,^,,,,,,,,,^,,,***,,, ,,,,,,,,,* *#...........^.#* *,,, ,,,,,,,,,*
#.............# *,,, ,,,,,,^,,* *#...........#* *,,, ,,,,,,^,,* #..$..{....*#
*,,, ,,,,,,,,,* ##{{{..{.^{..## *,,, ,,,,,,,,** #..{{{{{((.{..# **,, ,,,,,,,**
*#..{{{{{{.{...#* **, ,,,,,,** *.{{{{{{{{{{{...* ** *****##▓▓▓ *#######{#######*
▓# #<..######*@##{###...## #. # ####.^##....##L#{##.....### #.
####....##.....###*p.........# ## .##...###.......####....#....###.
.#....###.......# ##...###.....#< .#...##.'.......###....#.##......
##...'..##.....###..^.##..##..... #....##..##...###.....#..###(#...
....####.##+#'###...####.....##.# .....#####..#...#..⌠.###.........
##....###...#...##....#..##...... Turn 67928 on Zot:5: - wrong onr

Levels and vault maps discovered:
D:1:      dpeg_arrival_castle, layout_rooms,
          shapermc_ecumenical_altar_acropolis, serial_shops, nicolae_shop_trees,
          minmay_gold_behind_fungi
D:2:      layout_basic, uniq_robin
D:3:      layout_basic, amcnicky_altar_gilded,
          grunt_temple_overflow_order_and_chaos_2, serial_shops, shop
D:4:      layout_loops_corners
D:5:      layout_rooms, lemuel_tele_altar, hangedman_decor_opposing,
          minmay_manual_mullet
D:6:      layout_gridville, serial_shops, shop, serial_bayou_crossing
D:7:      layout_cave_pools, minmay_temple_entry_large_hall, serial_gnoll_camp,
          gnoll_camp_medium_01, grums_kennel, gnoll_camp_mini_basic,
          gnoll_camp_mini_shop, uniq_prince_ribbit1
D:8:      layout_cave_pools, lemuel_round_altar, hangedman_incinerator
D:9:      layout_basic, nicolae_tso_carved_into_rock, enter_bailey_8,
          chequers_serial_rivers_small_3, minmay_variable_closet
D:10:     minmay_chambers_of_sixes, layout_stronghold, dpeg_lair_monsters,
          minmay_parallelograms, roderic_filled_cross,
          kennysheep_generic_room_15
D:11:     layout_layer_cave, kennysheep_nub, uniq_erolcha
D:12:     lemuel_slime, layout_long_grid, erik_orc_3, minmay_orc_keep
D:13:     layout_basic, david_vaults_4, special_room [special_room_orc]
D:14:     layout_loops_ring, minmay_stone_trees_small, xom_shifter_show,
          uniq_jorgrun
D:15:     grunt_enter_depths_snipers, layout_basic, gauntlet_entry_generic,
          hellmonk_ghost_happy_afterlife, minmay_misc_feat_plants, hive_lemuel
Lair:1:   gammafunk_boulding_lane, layout_small_grid, grunt_megastairs_5,
          lemuel_fruit_tree, infiniplex_staircase_pool_2
Lair:2:   layout_regular_city, grunt_megastairs_2
Lair:3:   layout_hall_layers, elwin_shoals_entry_rocks,
          spider_nest_entry_rubble, infiniplex_staircase_pool
Lair:4:   layout_gridlike, nicolae_volcano_entry_s_turn, serial_bayou_shore_b,
          serial_bayou_shore_a
Lair:5:   layout_regular_city, dpeg_slime_entry_corner,
          ebering_ghost_rock_garden
Lair:6:   due_jungle_book, layout_long_grid, gammafunk_ghost_split,
          chequers_serial_rivers_large_b
Shoals:1: layout_shoals, nicolae_shoals_pincushion_passage
Shoals:2: layout_shoals, ebering_ghost_xom, nicolae_shoals_so_close
Shoals:3: layout_shoals, uniq_nikola
Shoals:4: shoals_end_grunt_garden, layout_shoals, shoals_ilsuiw_alternative,
          serial_shops, shop, uniq_polyphemus
Spider:1: layout_spider_delve
Spider:2: cheibrodos_spider_deadly_dance
Spider:3: layout_spider_delve, uniq_arachne
Spider:4: floodkiller_spider_rune_tomb, drop_trap, uniq_louise
Slime:1:  layout_caves, nicolae_slime_ancient_tower_intersection
Slime:2:  layout_caves
Slime:3:  layout_caves, uniq_donald
Slime:4:  layout_caves
Slime:5
Orc:1:    layout_caves, nicolae_orc_flooded_monolith, mines2_david
Orc:2:    st_orc_elflike, layout_caves, ebering_ghost_inner_flame, serial_shops,
          nicolae_shop_statue_plus, uniq_rupert
Vaults:1: hangedman_vaults_capsules, nicolae_vaults_little_squares_6,
          nicolae_vaults_little_ls, vaults_dpeg_hooks, v_rooms_4, v_pattern_2,
          ontoclasm_vaults_hangar, vaults_room_grunt_arrival_ludios,
          dpeg_vaults_monster_row, vaults_door_vault, nicolae_vaults_big_ls,
          grunt_vaults_focal, layout_vaults_omnicross, serial_shops, statue_bzr
Vaults:2: nicolae_vaults_twisting_passages, v_misc_30, v_misc_25,
          nicolae_vaults_network_barrier, nicolae_vaults_border_crossing,
          vaults_room_guarded_vault, grunt_vaults_bifocal,
          nicolae_vaults_sealed_display, ontoclasm_vaults_loading_screen,
          vaults_room_door_ring, layout_vaults_chaotic_city, uniq_asterion
Vaults:3: minmay_crypt_entry_simple_corners, nicolae_vaults_disjoint_gnomons,
          nicolae_vaults_arrows, v_misc_25, v_misc_10, v_misc_18,
          nicolae_vaults_windows_and_doors_thing, vaults_dpeg_spiral,
          nicolae_vaults_three_branches, nicolae_vaults_shelves_hall,
          nicolae_vaults_asterisk, layout_vaults_maze_bifur, uniq_saint_roka
Vaults:4: hangedman_vaults_corner, vaults_dpeg_ring, st_lines,
          ontoclasm_vaults_chip, vaults_room_stairs_pillars, v_misc_5, v_misc_3,
          vaults_room_door_hall, vaults_room_hallway, vaults_room_pool,
          layout_vaults_omnigrid
Depths:1: layout_basic, enter_ziggurat_c, grunt_hell_horde,
          eino_small_chamber_without_monster, grunt_ministairs_7,
          minmay_misc_feat_more_columns, kennysheep_generic_room_12, uniq_aizul,
          uniq_enchantress
Depths:2: minmay_the_grid_ultimate [minmay_the_grid_prize_four_corners,
          minmay_the_grid_prize_four_corners_diamond_a,
          minmay_the_grid_prize_four_corners_diamond_b,
          minmay_the_grid_prize_inner_circle, minmay_the_grid_square_5x5_inset,
          minmay_the_grid_square_5x5_bracketed,
          minmay_the_grid_square_5x5_inverted_slash,
          minmay_the_grid_square_5x5_empty,
          minmay_the_grid_square_5x5_spiral_small,
          minmay_the_grid_square_5x5_almost_minimal,
          minmay_the_grid_square_5x5_shrine1,
          minmay_the_grid_square_5x5_pentomino_r,
          minmay_the_grid_square_5x5_checkered,
          minmay_the_grid_square_5x5_bridge, minmay_the_grid_square_5x5_mess,
          minmay_the_grid_square_5x5_three, minmay_the_grid_square_5x5_percent,
          minmay_the_grid_square_5x5_gyroscope,
          minmay_the_grid_square_5x5_lines,
          minmay_the_grid_triangle_9x9_pentomino_pain,
          minmay_the_grid_triangle_9x9_cache,
          minmay_the_grid_triangle_9x9_fully_insulated_deathbox,
          minmay_the_grid_triangle_9x9_sparse_checkered,
          minmay_the_grid_triangle_9x9_intruding_spiral,
          minmay_the_grid_triangle_9x9_stretched_checkered,
          minmay_the_grid_triangle_9x9_flanged_cone,
          minmay_the_grid_triangle_9x9_negative_grid,
          minmay_the_grid_triangle_9x9_wacky_v,
          minmay_the_grid_triangle_9x9_longest,
          minmay_the_grid_triangle_9x9_steps,
          minmay_the_grid_triangle_9x9_alien,
          minmay_the_grid_triangle_9x9_descending_squares,
          minmay_the_grid_triangle_9x9_semitri,
          minmay_the_grid_triangle_9x9_minimal,
          minmay_the_grid_triangle_9x9_thin_v,
          minmay_the_grid_square_5x5_minibox, minmay_the_grid_octo_concentric,
          minmay_the_grid_octo_fat_diamond, minmay_the_grid_octo_chip,
          minmay_the_grid_octo_odd_swirl, minmay_the_grid_octo_vomiting_pacman,
          minmay_the_grid_octo_77, minmay_the_grid_octo_checkerflower,
          minmay_the_grid_octo_tetromino_candy, minmay_the_grid_plusring,
          minmay_the_grid_garden, minmay_the_grid_spikes,
          minmay_the_grid_outer_circle], hell_entry, abyss_entry
Depths:3: minmay_open_boxes_in_corner, layout_basic, pan_entry,
          grunt_hell_entry_dis_grunt, lemuel_doored_altar,
          kennysheep_windowed_goal, infiniplex_staircase_spiral_double,
          uniq_boris, uniq_xtahua
Depths:4: minmay_octagon_city, layout_cave_pools, abyss_entry, enter_trove_0,
          hell_entry, grunt_decor_cap, uniq_sojobo
Depths:5: grunt_twist_and_shout, layout_basic, rand_demon_pan_entry_7,
          okawaru_gym_becter, pf_dread_powers_of_hell, abyss_entry_flame_altar
Zot:1:    layout_basic
Zot:2:    layout_onion_interference, st_stairs_8, bh_zot_lava_cross,
          st_single_dragon_hoard_4, grunt_ministairs_13
Zot:3:    layout_cathedral_of_symmetry
Zot:4:    layout_twisted_circle
Zot:5:    layout_twisted_circle, guppyfry_library_mini

Skill      XL: |  1  2  3  4  5  6  7  8  9 10 11 12 13 14 15 16 17 18 19 20 21 22 23 24 25 26 27 |
---------------+----------------------------------------------------------------------------------+-----
Poison Magic   | 5 6 7 8 10 12 13 15 | 15.0
Spellcasting   | 3 4 5 6 9 |  9.0
Transmutations | 2 3 6 9 11 12 15 | 15.0
Stealth        | 3 5 6 12 15 16 18 | 18.0
Invocations    | 6 8 11 12 13 14 15 17 18 19 20 | 20.0
Conjurations   | 3 |  3.0
Air Magic      | 2 3 |  3.0
Fighting       | 5 6 9 11 12 13 15 16 18 20 | 20.0
Armour         | 5 6 9 11 12 15 | 15.0
Maces & Flails | 6 9 11 14 19 | 19.6
Shields        | 8 9 12 15 | 15.0
Dodging        | 6 9 12 14 | 14.7
Evocations     | 7 9 10 12 | 12.0
Earth Magic    | 4 9 11 12 15 | 15.0
Staves         | 6 7 |  7.4
Throwing       | 3 9 12 | 12.0

Action                   |  1- 3 |  4- 6 |  7- 9 | 10-12 | 13-15 | 16-18 | 19-21 | 22-24 | 25-27 || total
-------------------------+-------+-------+-------+-------+-------+-------+-------+-------+-------++-------
Melee: Unarmed           |       |     2 |       |       |       |       |       |       |       ||     2
       Short sword       |       |    24 |       |       |       |       |       |       |       ||    24
       Rapier            |       |    17 |   157 |    30 |       |       |       |       |       ||   204
       Dagger            |       |       |     2 |       |       |       |       |       |       ||     2
       Dire flail        |       |       |       |   311 |   493 |   888 |   608 |   681 |  1495 ||  4476
       Spear             |       |       |       |    10 |       |       |       |       |       ||    10
       Staff             |       |       |       |       |       |       |    60 |   266 |   135 ||   461
       Great mace        |       |       |       |       |       |       |       |       |   533 ||   533
       Demon whip        |       |       |       |       |       |       |       |       |     9 ||     9
Throw: Dart              |       |     5 |       |    20 |    13 |    23 |     9 |       |     6 ||    76
       Stone             |       |       |     8 |     9 |       |       |       |       |       ||    17
       Throwing net      |       |       |       |     1 |       |     1 |       |       |       ||     2
       Boomerang         |       |       |       |       |       |       |     1 |    17 |   100 ||   118
       Javelin           |       |       |       |       |       |       |       |       |    20 ||    20
 Cast: Sting             |    62 |    81 |   161 |   106 |    54 |    28 |    26 |       |     2 ||   520
       Olgreb's Toxic Ra |       |       |     7 |    46 |    65 |   128 |    69 |    45 |    44 ||   404
       Mephitic Cloud    |       |       |     9 |    30 |    50 |    25 |    10 |     4 |     8 ||   136
       Ignite Poison     |       |       |     3 |    40 |    75 |    60 |    21 |    37 |    33 ||   269
       Petrify           |       |       |       |       |       |     4 |    32 |    12 |    44 ||    92
       Lee's Rapid Decon |       |       |       |       |       |       |    24 |     8 |    66 ||    98
       Passwall          |       |       |       |       |       |       |     1 |       |     7 ||     8
       Alistair's Intoxi |       |       |       |       |       |       |       |       |     8 ||     8
       Eringya's Noxious |       |       |       |       |       |       |       |       |     2 ||     2
Invok: Line Pass         |       |       |     1 |     1 |     4 |     5 |       |     3 |     6 ||    20
       Stomp             |       |       |       |     3 |     6 |     1 |       |     2 |     1 ||    13
       Grand Finale      |       |       |       |       |       |       |     1 |       |     3 ||     4
 Abil: Dig               |       |       |     4 |     3 |    14 |     4 |     3 |     1 |     8 ||    37
       Shaft Self        |       |       |       |     1 |       |     1 |       |       |     1 ||     3
Evoke: Wand              |       |       |       |     5 |     6 |    17 |     4 |     6 |    43 ||    81
       Lightning rod     |       |       |       |     1 |     3 |     4 |       |     3 |       ||    11
       Condenser vane    |       |       |       |       |       |     2 |       |       |       ||     2
       Tin of tremorston |       |       |       |       |       |       |       |       |     2 ||     2
  Use: Scroll            |       |       |     5 |     8 |     7 |     9 |     6 |     7 |    12 ||    54
       Potion            |       |       |     1 |       |    10 |    18 |     2 |     5 |    12 ||    48
 Stab: Paralysed         |       |       |     6 |     9 |    14 |    99 |    93 |   129 |   264 ||   614
       Confused          |       |       |     3 |     5 |     2 |     3 |       |     1 |     3 ||    17
       Sleeping          |       |       |       |     6 |     7 |    18 |     9 |    17 |    32 ||    89
       Distracted        |       |       |       |     1 |       |       |       |     5 |     3 ||     9
       Invisible         |       |       |       |       |     2 |       |       |       |     5 ||     7
       Petrified         |       |       |       |       |       |     4 |    32 |    16 |    23 ||    75
       Petrifying        |       |       |       |       |       |     1 |     8 |     6 |     8 ||    23
Armor: Robe              |     8 |       |       |       |       |       |       |       |       ||     8
       Leather armour    |       |    17 |    93 |    33 |       |       |       |       |       ||   143
       Steam dragon scal |       |       |       |   110 |   102 |    27 |       |       |       ||   239
       Troll leather arm |       |       |       |       |       |   397 |    97 |       |       ||   494
       Skin              |       |       |       |       |       |    47 |       |     4 |       ||    51
       Scale mail        |       |       |       |       |       |       |    50 |   156 |   419 ||   625
Dodge: Dodged            |    24 |    49 |   176 |   335 |   239 |   566 |   183 |   131 |   438 ||  2141
Block: Kite shield       |       |       |       |       |   219 |   584 |       |       |       ||   803
       Tower shield      |       |       |       |       |       |    29 |   928 |   850 |  2080 ||  3887
       Reflection        |       |       |       |       |       |       |    28 |    60 |    35 ||   123
